 Dungeon Crawl Stone Soup version 0.31-a0-217-g58bb5d79cf (webtiles) character file.

Game seed: 1582108686741845700

92 qw the Shooter (level 4, -10/26 HPs)
             Began as a Gargoyle Hexslinger on July 3, 2023.
             Mangled by a gnoll
             ... wielding a +0 halberd
             ... led by a gnoll bouda
              (11 damage)
             ... on level 3 of the Dungeon.
             The game lasted 00:00:46 (1509 turns).

qw the Shooter (Gargoyle Hexslinger)                Turns: 1509, Time: 00:00:47

Health: -10/26     AC:  8    Str: 12    XL:     4   Next: 60%
Magic:  5/5        EV: 10    Int: 13    God:
Gold:   56         SH:  0    Dex: 14    Spells: 4/5 levels left

rFire   . . .        Y - +1 sling
rCold   . . .        (no shield)
rNeg    + . .        h - +0 ring mail
rPois   inf          (no helmet)
rElec   +            (no cloak)
rCorr   .            (no gloves)
SInv    .            (no boots)
Will    .....        (no amulet)
Stlth   +            (no ring)
HPRegen 0.24/turn    (no ring)
MPRegen 0.09/turn

%: no passive effects
@: weakened
A: sickness immunity, AC +3, negative energy resistance 1, electricity
resistance, torment resistance 1, petrification resistance
a: no special abilities


You were on level 3 of the Dungeon.
You visited 1 branch of the dungeon, and saw 3 of its levels.

You collected 159 gold pieces.
You spent 103 gold pieces at shops.


Innate Abilities, Weirdness & Mutations

You are immune to sickness and miasma.
Your stone body is resilient. (AC +3)
You are immune to poison.
You resist negative energy. (rN+)
You are resistant to electric shocks. (rElec)
You are resistant to unholy torment.
You are immune to petrification.


   Skills:
 - Level 2.0 Fighting
 + Level 4.2 Ranged Weapons
 - Level 1.0 Armour
 - Level 1.5 Dodging
 - Level 1.0 Spellcasting
 - Level 2.6 Hexes


You had 4 spell levels left.
You knew the following spells:

 Your Spells              Type           Power      Damage    Failure   Level
a - Slow                  Hex            28%        N/A       22%         1

Your spell library contained the following spells:

 Spells                   Type           Power      Damage    Failure   Level
 Inner Flame              Hex/Fire       4%         N/A       73%         3
 Portal Projectile        Hex/Tloc       8%         N/A       73%         3
 Cause Fear               Hex            3%         N/A       91%         4

Inventory:

Hand Weapons
 Y - a +1 sling (weapon)
Armour
 d - a +2 robe of fire resistance
 f - a +0 helmet
 h - a +0 ring mail (worn)
Potions
 a - a potion of lignification {unknown}
 c - a potion of berserk rage {unknown}
 e - a potion of enlightenment {unknown}
 g - a potion of cancellation {unknown}
 i - 2 potions of curing {unknown}
 j - a potion of mutation {unknown}

Dungeon Overview and Level Annotations

Branches:
Dungeon (3/15)

Altars:

Shops:
D:3 *


Message History

The adder bites you but does no damage. The gnoll completely misses you.
The gnoll hits you but does no damage.
You shoot a sling bullet. The sling bullet hits the adder.
You kill the adder!
The gnoll hits you but does no damage. The gnoll barely misses you.
The gnoll bouda barks out a call to the hunt!
The gnoll picks up the pace!
Your Armour skill increases to level 1!
You shoot a sling bullet. The sling bullet hits the gnoll.
The gnoll is lightly wounded.
The gnoll hits you but does no damage. x3
The gnoll bouda gazes fiercely through you!
You feel as though you will be weak longer.
The gnoll hits you with a +0 whip.
You shoot a sling bullet. The sling bullet hits the gnoll.
The gnoll is heavily wounded.
The gnoll is no longer moving quickly. x2; The gnoll barely misses you. x2
The gnoll closely misses you.
The gnoll bouda hits you but does no damage.
You shoot a sling bullet. The sling bullet hits the gnoll!
You kill the gnoll!
The gnoll is no longer moving quickly.
The gnoll hits you from afar with a +0 halberd.
The gnoll hits you from afar with a +0 spear.
The gnoll bouda closely misses you.
The gnoll hits you from afar with a +0 halberd.
The gnoll barely misses you.
You shoot a sling bullet. The sling bullet hits the gnoll.
The gnoll is heavily wounded.
The gnoll closely misses you.
The gnoll bouda barks out a call to the hunt!
The gnolls pick up the pace!
The gnoll hits you from afar with a +0 halberd.
The gnoll hits you with a +0 whip.
You shoot a sling bullet. The sling bullet hits the gnoll.
The gnoll is almost dead.
The gnoll hits you from afar with a +0 spear.
The gnoll bouda closely misses you.
The gnoll hits you from afar with a +0 halberd!
You die...

.. .... ... .###.
#.#..#. .
....##..#..#.
#......gg.g #
#......#g# .#
.......##..#
#.g....... #.g##g.#
#### #.g@..#
...###### #.#####
##......### #.#
###......# ##.#
#......###..#
#...........#
####.....###.#.......
.##.....)##..########
..#......##.## ###


You could see a gnoll bouda and 3 gnolls.

Vanquished Creatures
  Robin (D:3)
  A gnoll (D:3)
  3 adders
  A worm (D:2)
  2 dart slugs
  2 orcs (D:2)
  2 ball pythons
  2 endoplasms
  4 goblins
  8 hobgoblins
  A quokka (D:2)
  3 bats (D:1)
  A frilled lizard (D:3)
  3 kobolds
  2 rats
36 creatures vanquished.

Notes
Turn   | Place    | Note
-------+----------+-------------------------------------------
     0 | D:1      | qw the Gargoyle Hexslinger began the quest for the Orb.
     0 | D:1      | Reached XP level 1. HP: 12/12 MP: 2/2
     0 | D:1      | 0 ||| qw: Version: 0.3-a-40-ge99b1a8
     0 | D:1      | 0 ||| qw: Game counter: 300
     0 | D:1      | 0 ||| qw: Melee chars always use a shield: true
     0 | D:1      | 0 ||| qw: God list: Okawaru
     0 | D:1      | 0 ||| qw: Allow faded altars: false
     0 | D:1      | 0 ||| qw: Do Orc after clearing Dungeon:15 true
     0 | D:1      | 0 ||| qw: Do second Lair branch before Depths: true
     0 | D:1      | 0 ||| qw: Lair rune preference: random
     0 | D:1      | 0 ||| qw: Goals: Normal
     0 | D:1      | 0 ||| PLANNING D:1-11
   131 | D:1      | HP: 2/12 [kobold/+0 club (3)]
   179 | D:1      | You fall into a shaft and drop 1 floor!
   199 | D:2      | Reached XP level 2. HP: 9/16 MP: 3/3
   241 | D:2      | Found a faded altar of an unknown god.
   253 | D:2      | Reached skill level 3 in Ranged Weapons
   291 | D:2      | 291 ||| UPGRADING to +0 ring mail.
   301 | D:2      | 301 ||| DROPPING +0 robe.
   302 | D:2      | 302 ||| READING scroll labelled XOIM YJ KUQEA.
   303 | D:2      | 303 ||| READING scroll labelled JAG TIOMATYS.
   308 | D:2      | 308 ||| READING 3 scrolls labelled SETHUO LIGUGRU.
   309 | D:2      | 309 ||| DROPPING scroll of poison.
   310 | D:2      | 310 ||| DROPPING 2 scrolls of amnesia.
   330 | D:2      | 330 ||| FLEEEEING.
   338 | D:2      | 338 ||| FLEEEEING.
   339 | D:2      | 339 ||| FLEEEEING.
   340 | D:2      | 340 ||| FLEEEEING.
   361 | D:2      | 361 ||| FLEEEEING.
   362 | D:2      | 362 ||| FLEEEEING.
   363 | D:2      | 363 ||| FLEEEEING.
   367 | D:2      | 367 ||| FLEEEEING.
   368 | D:2      | 368 ||| FLEEEEING.
   369 | D:2      | 369 ||| FLEEEEING.
   370 | D:2      | 370 ||| FLEEEEING.
   371 | D:2      | 371 ||| FLEEEEING.
   372 | D:2      | 372 ||| FLEEEEING.
   373 | D:2      | 373 ||| FLEEEEING.
   374 | D:2      | 374 ||| FLEEEEING.
   376 | D:2      | 376 ||| FLEEEEING.
   380 | D:2      | 380 ||| FLEEEEING.
   381 | D:2      | 381 ||| FLEEEEING.
   382 | D:2      | 382 ||| FLEEEEING.
   383 | D:2      | 383 ||| FLEEEEING.
   384 | D:2      | 384 ||| FLEEEEING.
   385 | D:2      | 385 ||| STAIRDANCE
   587 | D:1      | Reached XP level 3. HP: 18/21 MP: 4/4
   886 | D:1      | 886 ||| READING scroll labelled APAUNAU WOVIM.
   887 | D:1      | 887 ||| READING 2 scrolls labelled NAUSAABBEC.
   888 | D:1      | 888 ||| DROPPING scroll of immolation.
  1194 | D:2      | 1194 ||| READING scroll labelled SILUV NINKEA.
  1195 | D:2      | 1195 ||| DRINKING 2 fuming cyan potions.
  1247 | D:3      | Noticed Robin
  1268 | D:3      | Killed Robin
  1269 | D:3      | Reached XP level 4. HP: 9/26 MP: 5/5
  1269 | D:3      | 1269 ||| FLEEEEING.
  1271 | D:3      | 1271 ||| FLEEEEING.
  1272 | D:3      | 1272 ||| FLEEEEING.
  1273 | D:3      | 1273 ||| FLEEEEING.
  1274 | D:3      | 1274 ||| FLEEEEING.
  1275 | D:3      | 1275 ||| FLEEEEING.
  1276 | D:3      | 1276 ||| FLEEEEING.
  1277 | D:3      | 1277 ||| FLEEEEING.
  1278 | D:3      | 1278 ||| FLEEEEING.
  1279 | D:3      | 1279 ||| FLEEEEING.
  1280 | D:3      | 1280 ||| FLEEEEING.
  1281 | D:3      | 1281 ||| FLEEEEING.
  1289 | D:3      | Reached skill level 4 in Ranged Weapons
  1365 | D:3      | Found Ynnegahe's Assorted Antiques.
  1374 | D:3      | 1374 ||| SHOPLISTING crude leather armour (196 gold, have
                  | 139).
  1374 | D:3      | 1374 ||| SHOPLISTING pair of embroidered boots (210 gold,
                  | have 139).
  1374 | D:3      | 1374 ||| SHOPLISTING runed cloak (210 gold, have 139).
  1374 | D:3      | 1374 ||| BUYING runed robe (103 gold).
  1374 | D:3      | Bought a runed robe for 103 gold pieces
  1495 | D:3      | 1495 ||| Stepping ~*~*~tactically~*~*~ (outnumbered).
  1501 | D:3      | HP: 6/26 [gnoll/+0 whip[a gnoll bouda] (5)]
  1502 | D:3      | 1502 ||| DRINKING potion of heal wounds.
  1505 | D:3      | Reached skill level 1 in Armour
  1508 | D:3      | HP: 3/26 [gnoll/+0 whip[a gnoll bouda] (4)]
  1509 | D:3      | HP: 1/26 [gnoll/+0 spear[a gnoll bouda] (3)]
  1509 | D:3      | Mangled by a gnoll

Levels and vault maps discovered:
D:1:      minmay_arrival_three_doors, layout_basic
D:2:      minmay_general_purpose_star, layout_rooms,
          hellmonk_ecumenical_altar_pennies_from_heaven
D:3:      layout_rooms, serial_shops, nicolae_shop_tiny_glass, shop,
          minmay_tree_intersection, hangedman_abyss_or_decor_lesser_grid,
          uniq_robin

Skill      XL: |  1  2  3  4 |
---------------+-------------+-----
Ranged Weapons | 3 4 |  4.2
Fighting       | 2 |  2.0
Armour         | 1 |  1.0
Dodging        | |  1.5
Spellcasting   | |  1.0
Hexes          | |  2.6

Action                     |  1- 3 |  4- 6 || total
---------------------------+-------+-------++-------
   Fire: Sling             |   132 |    34 ||   166
    Use: Scroll            |     6 |       ||     6
         Potion            |     1 |     1 ||     2
 Armour: Robe              |     6 |       ||     6
         Ring mail         |    34 |    32 ||    66
  Dodge: Dodged            |    55 |    38 ||    93

Table legend:
 A = Non-vault XP
 B = Vault XP
 C = Vault XP percentage of total XP
 D = Non-vault monster count
 E = Vault monster count
 F = Vault count percentage of total count
                 A         B        C        D         E       F
            +---------+---------+-------+---------+---------+-------
      Total |     102 |      30 |  22.7 |      27 |       9 |  25.0
            +---------+---------+-------+---------+---------+-------
        D:1 |      25 |       0 |   0.0 |      14 |       0 |   0.0
        D:2 |      30 |       2 |   6.2 |       7 |       2 |  22.2
        D:3 |      47 |      28 |  37.3 |       6 |       7 |  53.8
            +---------+---------+-------+---------+---------+-------
